TOP OF THE 1ST |
Plumstead Eagles batting - Pitching for Wisconsin Rapids Rangers : RHP Don Briggs
|
Pitching: RHP Don Briggs
|
|
Batting: LHB Miguel Colón
|
0-0: Ball 1-0: Ball 2-0: Swinging Strike 2-1: Foul Ball, location: 2F 2-2: Ball 3-2: Ground out 1-3 (Groundball, 15S)
|
Batting: RHB Ethan Moore
|
0-0: Called Strike 0-1: Ground out 6-3 (Groundball, 6MS)
|
Batting: LHB Eduardo Rodríguez
|
0-0: Ball 1-0: Ball 2-0: Fly out, F2 (Popup, 2LF)
|
Top of the 1st over - 0 run(s), 0 hit(s), 0 error(s), 0 left on base; Plumstead 0 - Wisconsin Rapids 0 |
BOTTOM OF THE 1ST |
Wisconsin Rapids Rangers batting - Pitching for Plumstead Eagles : RHP Aubrey Cote
|
Pitching: RHP Aubrey Cote
|
|
Batting: RHB Troy Reed
|
0-0: Called Strike 0-1: Fly out, F9 (Flyball, 89M)
|
Batting: RHB John Denton
|
0-0: Ball 1-0: Ball 2-0: Ball 3-0: Base on Balls
|
Batting: RHB Paul Richard
|
0-0: Called Strike John Denton steals 2nd base 0-1: Ball Wild Pitch! John Denton to third 1-1: Swinging Strike 1-2: Ball 2-2: Ball 3-2: Strikes out looking
|
Batting: SHB José López
|
0-0: Fly out, F6 (Line Drive, 6)
|
Bottom of the 1st over - 0 run(s), 0 hit(s), 0 error(s), 1 left on base; Plumstead 0 - Wisconsin Rapids 0 |
TOP OF THE 2ND |
Plumstead Eagles batting - Pitching for Wisconsin Rapids Rangers : RHP Ramiro Maestas
|
Pitching: RHP Ramiro Maestas
|
|
Batting: RHB Germano Labrego
|
0-0: Called Strike 0-1: Called Strike 0-2: Strikes out swinging
|
Batting: RHB J.J. Leslie
|
0-0: Ball 1-0: Called Strike 1-1: Foul Ball, location: 2F 1-2: Ball 2-2: Foul Ball, location: 2F 2-2: Ball 3-2: Base on Balls
|
Batting: RHB Juan Magdayao
|
0-0: Called Strike 0-1: Called Strike 0-2: Strikes out swinging
|
Batting: RHB Norogumi Tanaka
|
0-0: Swinging Strike 0-1: SINGLE (Line Drive, 4MD) J.J. Leslie to second
|
Batting: RHB Donald Sanford
|
0-0: Called Strike 0-1: Foul Ball, location: 2F 0-2: Foul Ball, location: 2F 0-2: 3-RUN HOME RUN (Flyball, 78XD), Distance : 380 ft
|
Batting: RHB Louis Smith
|
0-0: Ball 1-0: Foul Ball, location: 2F 1-1: Fly out, F4 (Popup, 3D)
|
Top of the 2nd over - 3 run(s), 2 hit(s), 0 error(s), 0 left on base; Plumstead 3 - Wisconsin Rapids 0 |
BOTTOM OF THE 2ND |
Wisconsin Rapids Rangers batting - Pitching for Plumstead Eagles : RHP Aubrey Cote
|
Batting: RHB Danny Campbell
|
0-0: Called Strike 0-1: Ball 1-1: Fly out, F9 (Flyball, 9M)
|
Batting: RHB Vernon Romo
|
0-0: Ball 1-0: Called Strike 1-1: Foul Ball, location: 2F 1-2: Ball 2-2: Foul Ball, location: 2F 2-2: Strikes out swinging, 2-3 out at first.
|
Batting: LHB Alex Henderson
|
0-0: Called Strike 0-1: Ball 1-1: Called Strike 1-2: Ball 2-2: Ball 3-2: SINGLE (Line Drive, 4D)
|
Batting: RHB James Jenkins
|
0-0: Ball 1-0: Foul Ball, location: 2F 1-1: Swinging Strike 1-2: Strikes out swinging
|
Bottom of the 2nd over - 0 run(s), 1 hit(s), 0 error(s), 1 left on base; Plumstead 3 - Wisconsin Rapids 0 |
TOP OF THE 3RD |
Plumstead Eagles batting - Pitching for Wisconsin Rapids Rangers : RHP Ramiro Maestas
|
Batting: LHB Miguel Colón
|
0-0: Ball 1-0: Swinging Strike 1-1: Ball 2-1: Fly out, F9 (Flyball, 89S)
|
Batting: RHB Ethan Moore
|
0-0: DOUBLE (Flyball, 7LM)
|
Batting: LHB Eduardo Rodríguez
|
0-0: Called Strike 0-1: Ball 1-1: Ball 2-1: DOUBLE (Groundball, 5L) Ethan Moore scores
|
Batting: RHB Germano Labrego
|
0-0: DOUBLE (Flyball, 7D) Eduardo Rodríguez scores
|
Pitching: LHP Russell Neal
|
|
Batting: RHB J.J. Leslie
|
0-0: SINGLE (Flyball, 4MD) Germano Labrego to third
|
Batting: RHB Juan Magdayao
|
0-0: Fly out, F6 (Popup, 56D)
|
Batting: RHB Norogumi Tanaka
|
0-0: Foul Ball, location: 2F 0-1: Swinging Strike 0-2: Ball 1-2: Fly out, F9 (Flyball, 9S)
|
Top of the 3rd over - 2 run(s), 4 hit(s), 0 error(s), 2 left on base; Plumstead 5 - Wisconsin Rapids 0 |
BOTTOM OF THE 3RD |
Wisconsin Rapids Rangers batting - Pitching for Plumstead Eagles : RHP Aubrey Cote
|
Batting: RHB Robert Acosta
|
0-0: Ball 1-0: Ball 2-0: Foul Ball, location: 2F 2-1: Fly out, F3 (Popup, 3F)
|
Batting: RHB Troy Reed
|
0-0: Swinging Strike 0-1: Ball 1-1: Ball 2-1: Fly out, F9 (Flyball, 9D)
|
Batting: RHB John Denton
|
0-0: Swinging Strike 0-1: Fly out, F9 (Flyball, 9S)
|
Bottom of the 3rd over - 0 run(s), 0 hit(s), 0 error(s), 0 left on base; Plumstead 5 - Wisconsin Rapids 0 |
TOP OF THE 4TH |
Plumstead Eagles batting - Pitching for Wisconsin Rapids Rangers : LHP Russell Neal
|
Batting: RHB Donald Sanford
|
0-0: Ball 1-0: Ball 2-0: Ball 3-0: Base on Balls
|
Batting: RHB Louis Smith
|
0-0: Ball 1-0: Ball 2-0: Ball 3-0: Called Strike 3-1: Base on Balls Donald Sanford to second
|
Batting: LHB Miguel Colón
|
0-0: Foul Ball, location: 2F 0-1: Foul Ball, location: 2F 0-2: Ball 1-2: Strikes out swinging
|
Batting: RHB Ethan Moore
|
0-0: Swinging Strike 0-1: SINGLE (Groundball, 6MD) Donald Sanford to third Louis Smith to second Runner from 3rd tries for Home, SAFE, throw made home
|
Batting: LHB Eduardo Rodríguez
|
0-0: Swinging Strike 0-1: Foul Ball, location: 2F 0-2: Ball 1-2: Foul Ball, location: 2F 1-2: Fly out, F8 (Flyball, 8RXD) Runner from 2nd tags up, SAFE at 3rd, no throw
|
Batting: RHB Germano Labrego
|
0-0: Ball 1-0: Ball 2-0: Called Strike 2-1: SINGLE (Line Drive, 6D) Louis Smith scores Ethan Moore to second
|
Batting: RHB J.J. Leslie
|
0-0: Fly out, F7 (Line Drive, 78D)
|
Top of the 4th over - 2 run(s), 2 hit(s), 0 error(s), 2 left on base; Plumstead 7 - Wisconsin Rapids 0 |
BOTTOM OF THE 4TH |
Wisconsin Rapids Rangers batting - Pitching for Plumstead Eagles : RHP Aubrey Cote
|
Batting: RHB Paul Richard
|
0-0: Ball 1-0: Foul Ball, location: 2F 1-1: Swinging Strike 1-2: Ball 2-2: Strikes out swinging
|
Batting: SHB José López
|
0-0: Swinging Strike 0-1: Called Strike 0-2: Ball 1-2: Strikes out looking
|
Batting: RHB Danny Campbell
|
0-0: Called Strike 0-1: Ball 1-1: Called Strike 1-2: Fly out, F8 (Flyball, 8LS)
|
Bottom of the 4th over - 0 run(s), 0 hit(s), 0 error(s), 0 left on base; Plumstead 7 - Wisconsin Rapids 0 |
TOP OF THE 5TH |
Plumstead Eagles batting - Pitching for Wisconsin Rapids Rangers : LHP Russell Neal
|
Batting: RHB Juan Magdayao
|
0-0: Called Strike 0-1: Ball 1-1: Foul Ball, location: 2F 1-2: SINGLE (Flyball, 89S)
|
Batting: RHB Norogumi Tanaka
|
0-0: Fly out, F6 (Line Drive, 6)
|
Batting: RHB Donald Sanford
|
0-0: Ball 1-0: Called Strike 1-1: Called Strike 1-2: Foul Ball, location: 2F 1-2: Ball 2-2: Ball 3-2: Foul Ball, location: 2F 3-2: Base on Balls Juan Magdayao to second
|
Batting: RHB Louis Smith
|
0-0: Called Strike 0-1: Ball 1-1: Ball 2-1: Foul Ball, location: 2F 2-2: Ball 3-2: Foul Ball, location: 2F 3-2: Base on Balls Juan Magdayao to third Donald Sanford to second
|
Pitching: RHP Dallas Albert
|
|
Batting: LHB Miguel Colón
|
0-0: Called Strike 0-1: Ball 1-1: Ball 2-1: DOUBLE (Line Drive, 9M) Juan Magdayao scores Donald Sanford scores Louis Smith to third
|
Batting: RHB Ethan Moore
|
0-0: Fly out, F5 (Popup, 25F)
|
Batting: LHB Eduardo Rodríguez
|
0-0: Called Strike 0-1: Foul Ball, location: 2F 0-2: SINGLE (Groundball, 34) Louis Smith scores Miguel Colón to third Runner from 3rd tries for Home, throw and OUT!
|
Top of the 5th over - 3 run(s), 3 hit(s), 0 error(s), 1 left on base; Plumstead 10 - Wisconsin Rapids 0 |
BOTTOM OF THE 5TH |
Wisconsin Rapids Rangers batting - Pitching for Plumstead Eagles : RHP Aubrey Cote
|
Batting: RHB Vernon Romo
|
0-0: Fly out, F9 (Flyball, 9LS)
|
Batting: LHB Alex Henderson
|
0-0: Fly out, F8 (Flyball, 8RM)
|
Batting: RHB James Jenkins
|
0-0: Ball 1-0: Ball 2-0: Ball 3-0: Base on Balls
|
Batting: RHB Robert Acosta
|
0-0: Ball 1-0: Ball 2-0: Called Strike 2-1: SINGLE (Line Drive, 56) James Jenkins to second
|
Batting: RHB Troy Reed
|
0-0: Called Strike 0-1: Called Strike 0-2: 3-RUN HOME RUN (Flyball, 89XD), Distance : 367 ft
|
Batting: RHB John Denton
|
0-0: Called Strike 0-1: SINGLE (Groundball, 34D)
|
Batting: RHB Paul Richard
|
0-0: Ball 1-0: Called Strike Pickoff Throw to First - Error! E1 John Denton to second 1-1: Called Strike 1-2: Ball 2-2: Strikes out looking
|
Bottom of the 5th over - 3 run(s), 3 hit(s), 1 error(s), 1 left on base; Plumstead 10 - Wisconsin Rapids 3 |
TOP OF THE 6TH |
Plumstead Eagles batting - Pitching for Wisconsin Rapids Rangers : RHP Dallas Albert
|
Batting: RHB Germano Labrego
|
0-0: Swinging Strike 0-1: Ball 1-1: Ball 2-1: Ball 3-1: Base on Balls
|
Batting: RHB J.J. Leslie
|
0-0: Called Strike 0-1: Grounds into double play, 6-4-3 (Groundball, 6)
|
Batting: RHB Juan Magdayao
|
0-0: Called Strike 0-1: Ball 1-1: Ball 2-1: Ball 3-1: SINGLE (Line Drive, 56D)
|
Batting: RHB Norogumi Tanaka
|
0-0: Ball 1-0: Called Strike 1-1: Fly out, F8 (Flyball, 8LM)
|
Top of the 6th over - 0 run(s), 1 hit(s), 0 error(s), 1 left on base; Plumstead 10 - Wisconsin Rapids 3 |
BOTTOM OF THE 6TH |
Wisconsin Rapids Rangers batting - Pitching for Plumstead Eagles : RHP Aubrey Cote
|
Batting: SHB José López
|
0-0: Ground out 4-3 (Groundball, 4)
|
Batting: RHB Danny Campbell
|
0-0: Ball 1-0: Fly out, F3 (Popup, 23F)
|
Batting: RHB Vernon Romo
|
0-0: Ball 1-0: Swinging Strike 1-1: Foul Ball, location: 2F 1-2: DOUBLE (Line Drive, 6)
|
Batting: LHB Alex Henderson
|
0-0: Foul Ball, location: 2F 0-1: Ground out 1-3 (Groundball, 13)
|
Bottom of the 6th over - 0 run(s), 1 hit(s), 0 error(s), 1 left on base; Plumstead 10 - Wisconsin Rapids 3 |
TOP OF THE 7TH |
Plumstead Eagles batting - Pitching for Wisconsin Rapids Rangers : RHP Dallas Albert
|
Batting: RHB Donald Sanford
|
0-0: SINGLE (Line Drive, 8LS)
|
Batting: RHB Louis Smith
|
0-0: Ball 1-0: Ball 2-0: Ball 3-0: Base on Balls Donald Sanford to second
|
Batting: LHB Miguel Colón
|
0-0: Ball 1-0: Bunted foul 1-1: Sac Bunt - play at third, runner OUT! 1-6 Louis Smith to second
|
Pitching: RHP Christian Adkins
|
|
Batting: RHB Ethan Moore
|
0-0: Swinging Strike 0-1: Foul Ball, location: 2F 0-2: Ball 1-2: Ground out 3-1 (Groundball, 34) Louis Smith to third Miguel Colón to second
|
Batting: LHB Eduardo Rodríguez
|
0-0: Ball 1-0: Called Strike 1-1: Called Strike 1-2: Strikes out swinging
|
Top of the 7th over - 0 run(s), 1 hit(s), 0 error(s), 2 left on base; Plumstead 10 - Wisconsin Rapids 3 |
BOTTOM OF THE 7TH |
Wisconsin Rapids Rangers batting - Pitching for Plumstead Eagles : RHP Aubrey Cote
|
Batting: RHB James Jenkins
|
0-0: Ball 1-0: Foul Ball, location: 2F 1-1: Swinging Strike 1-2: Ball 2-2: DOUBLE (Flyball, 8LXD)
|
Pitching: RHP Iván Márquez
|
|
Batting: RHB Robert Acosta
|
0-0: SINGLE (Line Drive, 7S) James Jenkins to third Runner from 3rd tries for Home, SAFE, no throw or cutoff
|
Batting: RHB Troy Reed
|
0-0: Ball 1-0: Called Strike 1-1: Ball 2-1: Swinging Strike 2-2: Ball 3-2: Base on Balls Robert Acosta to second
|
Batting: RHB John Denton
|
0-0: SINGLE (Line Drive, 9LS) Robert Acosta to third Troy Reed to second
|
Batting: RHB Paul Richard
|
0-0: Fly out, F8 (Flyball, 8RM) Runner from 3rd tags up, SCORES, no throw
|
Batting: SHB José López
|
0-0: Called Strike 0-1: Ball 1-1: Foul Ball, location: 2F 1-2: Strikes out looking
|
Batting: RHB Danny Campbell
|
0-0: Ball 1-0: Ball 2-0: Called Strike 2-1: Ball 3-1: Foul Ball, location: 2F 3-2: SINGLE (Line Drive, 89S) Troy Reed to third John Denton to second Troy Reed scores John Denton to third
|
Batting: RHB Vernon Romo
|
0-0: Hit by Pitch Danny Campbell to second
|
Batting: LHB Alex Henderson
|
0-0: Ground out 4-3 (Groundball, 4)
|
Bottom of the 7th over - 3 run(s), 4 hit(s), 0 error(s), 3 left on base; Plumstead 10 - Wisconsin Rapids 6 |
TOP OF THE 8TH |
Plumstead Eagles batting - Pitching for Wisconsin Rapids Rangers : RHP Christian Adkins
|
Batting: RHB Germano Labrego
|
0-0: Ground out 6-3 (Groundball, 6)
|
Batting: RHB J.J. Leslie
|
0-0: Fly out, F7 (Line Drive, 7M)
|
Batting: RHB Juan Magdayao
|
0-0: Ball 1-0: Swinging Strike 1-1: SINGLE (Groundball, 56)
|
Batting: RHB Norogumi Tanaka
|
0-0: Fly out, F7 (Line Drive, 78M)
|
Top of the 8th over - 0 run(s), 1 hit(s), 0 error(s), 1 left on base; Plumstead 10 - Wisconsin Rapids 6 |
BOTTOM OF THE 8TH |
Wisconsin Rapids Rangers batting - Pitching for Plumstead Eagles : RHP Iván Márquez
|
Batting: RHB James Jenkins
|
0-0: Foul Ball, location: 2F 0-1: Ball 1-1: Swinging Strike 1-2: Ball 2-2: Strikes out swinging
|
Batting: RHB Robert Acosta
|
0-0: Ball 1-0: Called Strike 1-1: Ball 2-1: Fly out, F7 (Flyball, 7M)
|
Batting: RHB Troy Reed
|
0-0: Ball 1-0: Ground out 4-3 (Groundball, 4)
|
Bottom of the 8th over - 0 run(s), 0 hit(s), 0 error(s), 0 left on base; Plumstead 10 - Wisconsin Rapids 6 |
TOP OF THE 9TH |
Plumstead Eagles batting - Pitching for Wisconsin Rapids Rangers : RHP Christian Adkins
|
Batting: RHB Donald Sanford
|
0-0: Ball 1-0: Ball 2-0: Ball 3-0: Base on Balls
|
Batting: RHB Louis Smith
|
0-0: Called Strike 0-1: Ball 1-1: Ball 2-1: SINGLE (Flyball, 34D) Donald Sanford to second Runner from 2nd tries for 3rd, SAFE, no throw or cutoff
|
Batting: LHB Miguel Colón
|
0-0: Ball 1-0: Ball 2-0: Ball 3-0: Called Strike 3-1: Base on Balls Louis Smith to second
|
Batting: RHB Ethan Moore
|
0-0: Ball Wild Pitch! Donald Sanford scores Louis Smith to third Miguel Colón to second 1-0: Ball 2-0: Ground out 6-3 (Groundball, 6M) Louis Smith scores Miguel Colón to third
|
Batting: LHB Eduardo Rodríguez
|
0-0: Swinging Strike 0-1: Ball 1-1: Foul Ball, location: 2F 1-2: Ball 2-2: Strikes out looking
|
Batting: RHB Germano Labrego
|
0-0: Ball 1-0: Foul Ball, location: 2F 1-1: Ground out 4-3 (Groundball, 4M)
|
Top of the 9th over - 2 run(s), 1 hit(s), 0 error(s), 1 left on base; Plumstead 12 - Wisconsin Rapids 6 |
BOTTOM OF THE 9TH |
Wisconsin Rapids Rangers batting - Pitching for Plumstead Eagles : RHP Iván Márquez
|
Now at SS: Pablo Villarreal
|
|
Batting: RHB John Denton
|
0-0: Ball 1-0: Ball 2-0: TRIPLE (Line Drive, 9LS)
|
Batting: RHB Paul Richard
|
0-0: Called Strike 0-1: Swinging Strike 0-2: Strikes out swinging
|
Batting: SHB José López
|
0-0: Called Strike 0-1: Ball 1-1: Called Strike 1-2: Ball 2-2: Strikes out swinging
|
Batting: RHB Danny Campbell
|
0-0: Ball 1-0: Ground out 4-3 (Groundball, 4)
|
Bottom of the 9th over - 0 run(s), 1 hit(s), 0 error(s), 1 left on base; Plumstead 12 - Wisconsin Rapids 6 |
|